 Dungeon Crawl Stone Soup version 0.30-a0-371-gad7725a93e (webtiles) character file.

Game seed: 10185001879330846650

142 Groverdextrious the Conjurer (level 5, -7/37 HPs)
             Began as a Gnoll Wanderer on Nov 21, 2022.
             Mangled by Crazy Yiuf
             ... wielding a +3 quarterstaff of chaos
              (8 damage)
             ... on level 4 of the Dungeon.
             The game lasted 00:16:02 (2350 turns).

Groverdextrious the Conjurer (Gnoll Wanderer)       Turns: 2350, Time: 00:16:03

Health: -7/37      AC:  4    Str: 17    XL:     5   Next: 25%
Magic:  9/9        EV: 12    Int: 10    God:
Gold:   187        SH:  5    Dex:  9    Spells: 2/10 levels left

rFire   . . .      SeeInvis .    a - +0 mace
rCold   . . .      Faith    .    (no shield)
rNeg    . . .      Spirit   .    e - +0 leather armour
rPois   .          Reflect  +    (helmet restricted)
rElec   .          Harm     .    i - +0 cloak
rCorr   .          Rampage  .    (no gloves)
Will    .....                    (no boots)
Stlth   +.........               p - amulet of reflection
HPRegen 0.26/turn                (no ring)
MPRegen 0.11/turn                (no ring)

@: lethally poisoned (-7 -> -18)
A: fangs 1, strong nose, distributed training, horns 1, evolution 1, MP-powered
wands
a: no special abilities


You were on level 4 of the Dungeon.
You visited 1 branch of the dungeon, and saw 4 of its levels.

You collected 187 gold pieces.

Inventory:

Hand Weapons
 a - a +0 mace (weapon)
 c - a +0 dagger
 m - a +0 arbalest
 o - a +1 short sword of flaming
Missiles
 b - 13 boomerangs (quivered)
 q - a throwing net
 t - 5 poisoned darts
Armour
 e - a +0 leather armour (worn)
 i - a +0 cloak (worn)
Jewellery
 p - an amulet of reflection (around neck)
 r - a ring of protection from fire
Scrolls
 d - 2 scrolls of blinking
 k - a scroll of vulnerability {unknown}
 n - a scroll of summoning {unknown}
 u - a scroll of immolation {unknown}
 y - 2 scrolls of silence {unknown}
 z - a scroll of teleportation {unknown}
Potions
 f - 2 potions of cancellation
 g - 2 potions of curing
 h - a potion of brilliance {unknown}
 j - a potion of invisibility {unknown}
 l - a potion of heal wounds
 s - a potion of ambrosia {unknown}
 v - a potion of lignification
 w - a potion of magic {unknown}
 x - a potion of flight {unknown}


   Skills:
 + Level 1.4 Fighting
 + Level 1.4 Short Blades
 + Level 1.4 Long Blades
 + Level 1.4 Axes
 + Level 4.8 Maces & Flails
 + Level 1.4 Polearms
 + Level 1.4 Staves
 + Level 1.4 Ranged Weapons
 + Level 3.0 Throwing
 + Level 4.8 Armour
 + Level 3.0 Dodging
 + Level 1.4 Stealth
 + Level 1.4 Shields
 + Level 1.4 Unarmed Combat
 + Level 3.1 Spellcasting
 + Level 5.5 Conjurations
 + Level 1.1 Hexes
 + Level 1.1 Summonings
 + Level 1.1 Necromancy
 + Level 1.1 Translocations
 + Level 1.1 Transmutations
 + Level 1.1 Fire Magic
 + Level 1.1 Ice Magic
 + Level 1.1 Air Magic
 + Level 1.1 Earth Magic
 + Level 1.1 Poison Magic
 + Level 1.6 Invocations
 + Level 1.4 Evocations


You had 2 spell levels left.
You knew the following spells:

 Your Spells              Type           Power      Damage    Failure   Level
a - Foxfire               Conj/Fire      32%        2x1d5     9%          1
b - Magic Dart            Conj           48%        1d5       3%          1
c - Searing Ray           Conj           24%        2d5       4%          2
d - Iskenderun's Mystic   Conj/Tloc      8%         2d4       63%         4

Your spell library contained the following spells:

 Spells                   Type           Power      Damage    Failure   Level
 Static Discharge         Conj/Air       16%        2-3/arc   12%         2
 Vhi's Electric Charge    Tloc/Air       6%         N/A       52%         3
 Fulminant Prism          Conj/Hex       4%         3d5       63%         4
 Arcjolt                  Conj/Air       4%         1d14      92%         5
 Maxwell's Capacitive Co  Air            1%         ∞         100%        8


Dungeon Overview and Level Annotations

Branches:
Dungeon (4/15)
 Temple: D:4-7

Altars:
Zin

Annotations:
D:4 Crazy Yiuf


Innate Abilities, Weirdness & Mutations

You have very sharp teeth.
Your uncanny sense of smell can sniff out nearby items.
Your experience applies equally to all skills.
You have a pair of small horns on your head.
You have hidden genetic potential.
You expend magic power (3 MP) to strengthen your wands.


Message History

z - a scroll labelled DOL JUNTEGIFA You open the door.
You hear the slow rusting of a very distant drain.
There is an open door here.
There is an open door here.
You open the door.
There is an open door here.
There is an open door here.
You hit the fungus.
The fungus begins to die.
You bite the fungus.
The fungus is lightly damaged.
You hit the fungus. You headbutt the fungus. You bite the fungus.
The fungus is lightly damaged.
You thump the fungus!
The fungus is lightly damaged.
You hit the fungus. You headbutt the fungus.
The fungus is lightly damaged.
A nearby fungus withers and dies.
Found a hammer.
Found a runed translucent door.
You hear the slow rusting of a very distant drain.
You open the door. You hit Crazy Yiuf.
Crazy Yiuf is lightly wounded.
Crazy Yiuf says, "Shadow mumblescurry King!"
Crazy Yiuf hits you with a +3 quarterstaff of chaos!
Space warps around you.
You hit Crazy Yiuf. You headbutt Crazy Yiuf.
Crazy Yiuf is heavily wounded.
Crazy Yiuf hits you with a +3 quarterstaff of chaos.
You resist with some effort.
Crazy Yiuf hits you with a +3 quarterstaff of chaos!
You are lethally poisoned!
You hit Crazy Yiuf but do no damage.
Crazy Yiuf is heavily wounded.
* * * LOW HITPOINT WARNING * * *
You feel very sick.
Crazy Yiuf grits, "Lay!
Paint arm light."
Crazy Yiuf hits you with a +3 quarterstaff of chaos!
* * * LOW HITPOINT WARNING * * *
You are electrocuted!
You die...

....+.........#.................#
....#......###########..........#
....#......# #..........#
....#'####.# ##### #..........#
........# .# #..)# ############
........# # #...# #...# ........#
... #...# ........# #g# #...#
........# ♣♣@♣ #...######
###.....# ♣.♣♣ #...#.....
..#.....# ♣♣.♣ ###'##.....
..'.....# ♣.♣♣ #..........
..#.....# ♣♣.♣♣ #..........
..#.....# ♣.PP♣♣ #..........
..#.....# ♣.♣PP♣ #.....##+##
..#.....# #....# #.....#
..'.....######....####.....#


You could see Crazy Yiuf.

Vanquished Creatures
  Blork the orc (D:4)
  2 adders (D:2)
  4 dart slugs
  An orc (D:3)
  7 bats
  4 endoplasms
  3 giant cockroaches
  6 goblins
  2 hobgoblins
  5 jackals
  4 kobolds
  4 ball pythons
  3 frilled lizards
  2 rats
48 creatures vanquished.

Vanquished Creatures (others)
  4 foxfires
  A fungus (D:4)
5 creatures vanquished.

Grand Total: 53 creatures vanquished

Notes
Turn   | Place    | Note
-------+----------+-------------------------------------------
     0 | D:1      | Groverdextrious the Gnoll Wanderer began the quest for the
                  | Orb.
     0 | D:1      | Groverdextrious set off with the following items: a +0
                  | mace, 9 boomerangs, a +0 dagger, a scroll of blinking, a +0
                  | leather armour; and the following spell memorised: Foxfire;
                  | and the following spells available to memorise: Static
                  | Discharge, Iskenderun's Mystic Blast.
     0 | D:1      | Reached XP level 1. HP: 13/13 MP: 4/4
     6 | D:1      | Noticed a killer bee
     6 | D:1      | Noticed a hound
     6 | D:1      | Noticed a polar bear
     7 | D:1      | Noticed a swamp worm
     7 | D:1      | Noticed a swamp drake
    18 | D:1      | Learned a level 1 spell: Magic Dart
   419 | D:1      | Reached XP level 2. HP: 19/19 MP: 2/5
   927 | D:2      | Reached XP level 3. HP: 22/25 MP: 5/7
   936 | D:2      | Learned a level 2 spell: Searing Ray
  1184 | D:2      | Reached skill level 1 in Invocations
  1291 | D:2      | Reached skill level 1 in Fighting
  1291 | D:2      | Reached skill level 1 in Short Blades
  1291 | D:2      | Reached skill level 1 in Long Blades
  1291 | D:2      | Reached skill level 1 in Axes
  1291 | D:2      | Reached skill level 1 in Polearms
  1291 | D:2      | Reached skill level 1 in Staves
  1291 | D:2      | Reached skill level 1 in Ranged Weapons
  1291 | D:2      | Reached skill level 1 in Stealth
  1291 | D:2      | Reached skill level 1 in Shields
  1291 | D:2      | Reached skill level 1 in Unarmed Combat
  1291 | D:2      | Reached skill level 1 in Evocations
  1372 | D:2      | Reached XP level 4. HP: 25/32 MP: 8/8
  1513 | D:2      | Learned a level 4 spell: Iskenderun's Mystic Blast
  1751 | D:3      | Found a faded altar of an unknown god.
  1829 | D:3      | Found a glowing silver altar of Zin.
  1970 | D:3      | Gained mutation: You have hidden genetic potential. [potion
                  | of mutation]
  1970 | D:3      | Gained mutation: You have a pair of small horns on your
                  | head. [potion of mutation]
  2123 | D:4      | Noticed Blork the orc
  2132 | D:4      | Killed Blork the orc
  2133 | D:4      | Reached skill level 1 in Hexes
  2133 | D:4      | Reached skill level 1 in Summonings
  2133 | D:4      | Reached skill level 1 in Necromancy
  2133 | D:4      | Reached skill level 1 in Translocations
  2133 | D:4      | Reached skill level 1 in Transmutations
  2133 | D:4      | Reached skill level 1 in Fire Magic
  2133 | D:4      | Reached skill level 1 in Ice Magic
  2133 | D:4      | Reached skill level 1 in Air Magic
  2133 | D:4      | Reached skill level 1 in Earth Magic
  2133 | D:4      | Reached skill level 1 in Poison Magic
  2133 | D:4      | Reached XP level 5. HP: 27/37 MP: 9/9
  2158 | D:4      | Gained mutation: You expend magic power (3 MP) to
                  | strengthen your wands. [hidden potential]
  2343 | D:4      | Found a runed translucent door.
  2344 | D:4      | Noticed Crazy Yiuf
  2350 | D:4      | HP: 1/37 [Crazy Yiuf/+3 quarterstaff of chaos (10)]
  2350 | D:4      | Mangled by Crazy Yiuf

Illustrated notes

Levels and vault maps discovered:
D:1:      onia_arrival_zoo_common, layout_basic
D:2:      layout_loops_ring
D:3:      layout_basic, zin_scriptorium, ebering_ecumenical_altar_mist
D:4:      layout_gridville, nicolae_ru_the_path_less_chosen,
          gup_sewer_entry_glass, serial_shops, shop_statue, uniq_blork_the_orc,
          uniq_crazy_yiuf_cottage

Skill      XL: |  1  2  3  4 |
---------------+-------------+-----
Invocations    | 1 |  1.6
Fighting       | 1 |  1.4
Short Blades   | 1 |  1.4
Long Blades    | 1 |  1.4
Axes           | 1 |  1.4
Polearms       | 1 |  1.4
Staves         | 1 |  1.4
Ranged Weapons | 1 |  1.4
Stealth        | 1 |  1.4
Shields        | 1 |  1.4
Unarmed Combat | 1 |  1.4
Evocations     | 1 |  1.4
Spellcasting   | 3 |  3.1
Throwing       | 3 |  3.0
Dodging        | 3 |  3.0
Hexes          | 1 |  1.1
Summonings     | 1 |  1.1
Necromancy     | 1 |  1.1
Translocations | 1 |  1.1
Transmutations | 1 |  1.1
Fire Magic     | 1 |  1.1
Ice Magic      | 1 |  1.1
Air Magic      | 1 |  1.1
Earth Magic    | 1 |  1.1
Poison Magic   | 1 |  1.1
Maces & Flails | |  4.8
Armour         | |  4.8
Conjurations   | |  5.5

Action                   |  1- 3 |  4- 6 || total
-------------------------+-------+-------++-------
Melee: Mace              |   102 |    57 ||   159
       Bite              |     4 |     5 ||     9
       Headbutt          |       |     8 ||     8
Throw: Boomerang         |     1 |       ||     1
 Cast: Foxfire           |     3 |     2 ||     5
       Magic Dart        |     2 |       ||     2
       Searing Ray       |     1 |       ||     1
  Use: Scroll            |     3 |     2 ||     5
       Potion            |       |     2 ||     2
Armor: Leather armour    |    45 |    19 ||    64
Dodge: Dodged            |    80 |    52 ||   132
Block: Other             |     7 |    24 ||    31
       Reflection        |       |     1 ||     1

Table legend: (Time is in decaauts)
 A = Elapsed time spent in this place.
 B = Non-inter-level travel time spent in this place.
 C = Inter-level travel time spent in this place.
 D = Time resting spent in this place.
 E = Time spent auto-exploring this place.
 F = Levels seen in this place.
 G = Mean time per level.
                   A        B        C        D        E       F      G
               +--------+--------+--------+--------+--------+-----+--------+
         Total |   2376 |   2376 |      0 |      0 |    824 |   4 |  594.0 |
       Dungeon |   2376 |   2376 |      0 |      0 |    824 |   4 |  594.0 |
               +--------+--------+--------+--------+--------+-----+--------+

Top non-repeatable levels by time:
     D:2: 861 daAuts
     D:1: 818 daAuts
     D:3: 438 daAuts
     D:4: 257 daAuts
